 Dungeon Crawl Stone Soup version 0.15.0-18-g9076a4f (console) character file.

186 gw the Skirmisher (level 5, 0/47 HPs)
             Began as a Draconian Fighter on Sept 6, 2014.
             Slain by an orc priest
             ... wielding a +0 hand axe
              (8 damage)
             ... on Level 3 of the Dungeon.
             The game lasted 00:01:09 (2137 turns).

gw the Skirmisher (Draconian Fighter)               Turns: 2137, Time: 00:01:09

HP   0/47        AC  8     Str 18      XL: 5   Next: 38%
MP   5/5         EV 13     Int  9      God:
Gold 0           SH  0     Dex 13      Spells:  0 memorised,  4 levels left

rFire  + . .     SeeInvis .     a - +0 long sword
rCold  . . .     Clarity  .     (armour unavailable)
rNeg   . . .     rCorr    .     (no shield)
rPois  .         rRot     .     (helmet restricted)
rElec  .         Spirit   .     c - +0 cloak
SustAb .         Warding  .     b - +0 pair of gloves
rMut   .         Stasis   .     d - +0 pair of boots
Gourm  .                        (no amulet)
MR     .....                    (no ring)
                                m - ring of protection from fire

@: short of breath, not resistant to hostile enchantments, very unstealthy
A: unfitting armour, stinger 1, agile 1, spit poison 1, cold-blooded, AC +5
a: Spit Poison


You were on level 3 of the Dungeon.
You were hungry.

You visited 1 branch of the dungeon, and saw 3 of its levels.

Inventory:

Hand weapons
 a - a +0 long sword (weapon)
Missiles
 j - 80 stones
 q - 7 tomahawks (quivered)
Armour
 b - a +0 pair of gloves (worn)
 c - a +0 cloak (worn)
 d - a +0 pair of boots (worn)
Comestibles
 f - 2 bread rations
 h - a fruit
 i - a royal jelly
 l - 3 meat rations
Scrolls
 k - 2 scrolls of fear
 o - 2 scrolls of remove curse
Jewellery
 m - a ring of protection from fire (left hand)
Potions
 n - a potion of haste


   Skills:
 + Level 4.3 Fighting
 * Level 3.5 Long Blades
 + Level 2.1 Throwing
 + Level 3.3 Dodging
   Level 3.0 Shields


You had 4 spell levels left.
You didn't know any spells.

Dungeon Overview and Level Annotations

Branches:
Dungeon (3/15)

Altars:


Innate Abilities, Weirdness & Mutations

Your plain brown scales are hard (AC +5).
Your body does not fit into most forms of armour.
Your cold-blooded metabolism reacts poorly to cold.
Your tail ends in a poisonous barb.
You are agile. (Dex +2)
You can spit poison.


Message History

The orc priest calls upon Beogh to heal the orc wizard.
The orc wizard is healed somewhat.
The orc wizard hits you with a dagger.
Use which ability? (? or * to list)
Press: ? - help, Shift-Dir - straight line, f - orc wizard, p - orc priest
Aim: an orc wizard, wielding a dagger and wearing a robe (lightly wounded, poisoned)
The splash of poison hits the orc wizard.
The orc wizard is lightly wounded.
You are feeling hungry.
The orc wizard closely misses you.
ATTACK MOVE TO (1,0)
You slash the orc wizard!
The orc wizard is almost dead.
You kill the orc wizard!
ATTACK MOVE TO (1,0)
You hit the orc priest.
The orc priest is lightly wounded.
The orc priest calls down the wrath of Beogh upon you.
Pain shoots through your body!
The orc priest hits you with a hand axe!
You die...

. ####. . .)##.# #.
#.##. ##
#.##.##)###### ..
......... ..# .####
#...##.###.#.......
#...##>#..do....#
#####...##.#)#.#..#.#
.##............#.#
..#
....<............# ##
.##...........####
#####...##### #...#
#...# #...#


You could see an orc priest.

Table legend:
 A = Turns spent in this place as a percentage of turns spent in the entire game.
 B = Non-inter-level travel turns spent in this place as a percentage of non-inter-level travel turns spent in the entire game.
 C = Inter-level travel turns spent in this place as a percentage of turns spent in this place.
 D = Turns resting spent in this place as a percentage of non-inter-level travel turns spent in this place.
 E = Turns spent auto-exploring this place as a percentage of non-inter-level travel turns spent in this place.
 F = Non-inter-level travel turns spent in this place divided by the number of levels of this place that you've seen.
                   A       B       C       D       E      F
               +-------+-------+-------+-------+-------+----------------------
         Total | 100.0 | 100.0 |   1.3 |   5.4 |  17.8 | 183.7
       Dungeon | 100.0 | 100.0 |   1.3 |   5.4 |  17.8 | 183.7
               +-------+-------+-------+-------+-------+----------------------

Table legend:
 A = Kills in this place as a percentage of kills in entire the game.
 B = Kills by you in this place as a percentage of kills by you in the entire game.
 C = Kills by friends in this place as a percentage of kills by friends in the entire game.
 D = Other kills in this place as a percentage of other kills in the entire game.
 E = Experience gained in this place as a percentage of experience gained in the entire game.
 F = Experience gained in this place divided by the number of levels of this place that you have seen.
                   A       B       C       D       E      F
               +-------+-------+-------+-------+-------+----------------------
         Total | 100.0 | 100.0 |  -nan |  -nan | 100.0 |  89.0
       Dungeon | 100.0 | 100.0 |  -nan |  -nan | 100.0 |  89.0
               +-------+-------+-------+-------+-------+----------------------

Vanquished Creatures
  An orc priest (D:3)
  An orc wizard (D:3)
  7 adders
  A giant mite (D:2)
  2 worms
  A giant gecko (D:1)
  5 orcs (D:3)
  2 hobgoblins (D:2)
  7 jackals (D:2)
  5 bats
  5 giant cockroaches
  4 giant newts (D:2)
  2 goblins
  5 kobolds
  4 rats
  2 toadstools (D:1)
54 creatures vanquished.

Vanquished Creatures (others)
  3 toadstools (D:1)
3 creatures vanquished.

Grand Total: 57 creatures vanquished

Notes
Turn   | Place    | Note
--------------------------------------------------------------
     0 | D:1      | gw, the Draconian Fighter, began the quest for the Orb.
     0 | D:1      | Reached XP level 1. HP: 19/19 MP: 1/1
   396 | D:1      | Reached XP level 2. HP: 26/26 MP: 2/2
   616 | D:2      | Reached skill level 1 in Throwing
   621 | D:2      | Reached XP level 3. HP: 11/33 MP: 3/3
  1109 | D:2      | Reached skill level 4 in Fighting
  1126 | D:2      | Reached XP level 4. HP: 40/40 MP: 4/4
  1658 | D:2      | Gained mutation: You can spit poison. [potion of mutation]
  1658 | D:2      | Gained mutation: You are agile. (Dex +2) [potion of mutation]
  1658 | D:2      | Gained mutation: Your tail ends in a poisonous barb. [potion of mutation]
  1711 | D:3      | Reached XP level 5. HP: 5/46 MP: 5/5
  1714 | D:3      | HP: 1/46 [orc/trident (4)]
  2137 | D:3      | Slain by an orc priest

Action                   |  1- 3 |  4- 6 || total
-------------------------+-------+-------++-------
Melee: Long sword        |    46 |    49 ||    95
Throw: Tomahawk          |    62 |    34 ||    96
       Stone             |       |    32 ||    32
 Abil: Spit Poison       |       |     4 ||     4
  Use: Potion            |     4 |     3 ||     7
       Scroll            |     4 |     1 ||     5
  Eat: Chunk             |     1 |     3 ||     4

Vault maps used:
D:1:      ldierk_walled_garden
